 Dungeon Crawl Stone Soup version 0.19-a0-607-g42021f0 (webtiles) character file.

54 hypermopl the Caller (level 3, -2/19 HPs)
             Began as a Tengu Summoner on June 12, 2016.
             Killed from afar by Natasha (4 damage)
             ... with a magic dart
             ... on level 2 of the Dungeon.
             The game lasted 00:04:43 (2164 turns).

hypermopl the Caller (Tengu Summoner)               Turns: 2164, Time: 00:04:43

Health: -2/19      AC:  2    Str:  8    XL:     3   Next: 91%
Magic:  5/8        EV: 12    Int: 16    God:
Gold:   64         SH:  0    Dex: 14    Spells: 2 memorised, 3 levels left

rFire  . . .     SeeInvis .     m - +0 short sword
rCold  . . .     Gourm    .     a - +0 robe
rNeg   . . .     Faith    .     (no shield)
rPois  .         Spirit   .     (helmet restricted)
rElec  .         Dismiss  .     (no cloak)
rCorr  .         Reflect  .     (no gloves)
SustAt .         Harm     .     (boots unavailable)
MR     .....                    (no amulet)
Stlth  ++........               (no ring)
                                (no ring)

@: slowed, very slow, not resistant to hostile enchantments, unstealthy
A: beak, talons 3
a: no special abilities


You were on level 2 of the Dungeon.
You were hungry.

You visited 1 branch of the dungeon, and saw 2 of its levels.

You collected 64 gold pieces.

Inventory:

Hand Weapons
 e - a +0 club
 m - a +0 short sword (weapon)
Missiles
 g - 4 curare-tipped needles
Armour
 a - a +0 robe (worn)
Scrolls
 f - a scroll of recharging
 p - 2 scrolls of remove curse
Potions
 i - 2 potions of lignification {unknown}
 j - 2 potions of agility
 k - a potion of heal wounds {unknown}
 q - a potion of brilliance {unknown}
Books
 b - a book of Callings

   Spells                             Type                      Level
   a - Summon Small Mammal            Summoning                    1
   b - Call Imp                       Summoning                    2
   c - Call Canine Familiar           Summoning                    3
   d - Summon Guardian Golem          Hexes/Summoning              3
   e - Summon Lightning Spire         Summoning/Air                4
   f - Summon Ice Beast               Ice/Summoning                4
Comestibles
 c - 2 bread rations
 h - 4 fruits
 l - a beef jerky


   Skills:
 - Level 2.1 Dodging
 - Level 2.0 Stealth
 + Level 3.0 Spellcasting
 + Level 5.7 Summonings


You had 3 spell levels left.
You knew the following spells:

 Your Spells              Type           Power        Failure   Level  Hunger
b - Call Imp              Summ           ###.....     2%          2    ##.....
c - Call Canine Familiar  Summ           ###.....     6%          3    ###....


Dungeon Overview and Level Annotations

Branches:
Dungeon (2/15)

Altars:

Annotations:
D:2 Natasha


Innate Abilities, Weirdness & Mutations

You have a beak for a mouth.
You have claws for feet.


Message History

You feel less invigorated.
You feel less confused. Natasha casts a spell at you. The magic dart hits you!
Your crimson imp misses Natasha.
You barely miss Natasha. Your kick misses Natasha.
Natasha is moderately wounded.
Your crimson imp blinks!
Natasha closely misses you.
You miss Natasha.
Natasha is moderately wounded.
Natasha misses you.
Your crimson imp blinks!
Natasha claws you.
Cast which spell? (? or * to list) Natasha claws you!
* * * LOW HITPOINT WARNING * * *
Unknown command.
Natasha casts a spell at you. The magic dart hits you!
You die...

,,,,*
#####.#.##5##.#######.,* *
***,* #.#...............,* *
*,***#####.###...........#,**
*,,,,...........##.#####.#,*
******####...#.###.# *,*,*
###.#.# #.# *,*,* #.#5# #b#
*,*,* #.#h# #.# *,*,****
###########.#@# #h# *,*,,,,*
#...).......#h# #.# *,****,*
#.###########.# #.# *,* *,*
#.# #.###b## *,* *,* ####.#
#.##...####.# *,* ...#.##
#....#......# *,*
#.....#*##### ####...######
*,* ....###*....##### ##.##
*,, ....#>.##...##)<# #.# **,


You could see Natasha, a friendly hound and a friendly crimson imp.

Vanquished Creatures
  3 bats (D:1)
  2 goblins (D:1)
  A hobgoblin (D:1)
  3 jackals (D:1)
  2 kobolds (D:1)
  5 rats
16 creatures vanquished.

Vanquished Creatures (collateral kills)
  Natasha (D:2)
  2 adders (D:2)
  A worm (D:2)
  A dart slug (D:1)
  A giant cockroach (D:1)
  A goblin (D:2)
  6 jackals
  3 kobolds
  2 bats
18 creatures vanquished.

Grand Total: 34 creatures vanquished

Notes
Turn   | Place    | Note
--------------------------------------------------------------
     0 | D:1      | hypermopl the Tengu Summoner began the quest for the Orb.
     0 | D:1      | Reached XP level 1. HP: 10/10 MP: 4/4
   347 | D:1      | Reached skill level 5 in Summonings
   389 | D:1      | Reached XP level 2. HP: 15/15 MP: 4/6
   527 | D:2      | Learned a level 2 spell: Call Imp
   937 | D:1      | Reached XP level 3. HP: 5/19 MP: 1/8
  1173 | D:1      | Learned a level 3 spell: Call Canine Familiar
  1820 | D:2      | Noticed Natasha
  1879 | D:2      | Killed Natasha
  1879 | D:2      | Reached skill level 3 in Spellcasting
  2122 | D:2      | Noticed Natasha
  2164 | D:2      | Killed from afar by Natasha

Vault maps used:
D:1:      minmay_arrival_loop
D:2:      grunt_ministairs_6, uniq_natasha

Skill      XL: |  1  2  3 |
---------------+----------+-----
Summonings     | 5 |  5.7
Spellcasting   | 3 |  3.0
Dodging        | |  2.1
Stealth        | |  2.0

Action                   || total
-------------------------++-------
Melee: Club              ||    66
       Peck              ||    14
       Kick              ||    13
       Short sword       ||    18
 Cast: Summon Small Mamm ||    17
       Call Imp          ||    19
       Call Canine Famil ||     3
  Use: Scroll            ||     5
       Potion            ||     1
 Stab: Sleeping          ||     2
  Eat: Chunk             ||     5
Armor: Robe              ||    24
Dodge: Dodged            ||   105
